[Event "6th Tulsi Lal Memorial NTCC 2080"]
[Site "Lalitpur"]
[Date "2024.01.08"]
[Round "1.1"]
[White "Chaulagain, Purushottam"]
[Black "Nepali, Badrilal"]
[Result "0-1"]
[ECO "D00"]
[WhiteElo "1838"]
[BlackElo "1869"]
[Annotator "NA RC COMBH"]
[PlyCount "136"]
[EventDate "2024.01.03"]
[EventType "team-tourn"]
[EventCountry "NEP"]
[SourceTitle "playchess.com"]
[Source "ChessBase"]
[SourceQuality "1"]
[TimeControl "5400+30"]

1. d4 Nf6 2. Nc3 d5 3. Bf4 e6 4. Nb5 Na6 5. e3 c6 6. Nc3 Nc7 7. Nf3 Be7 8. Ne5 Nd7 9. Bd3 Nxe5 10. Bxe5 O-O 11. O-O Ne8 12. Qh5 f5 (12... g6 $5 13. Qe2 Bd6 $11) 13. f3 Nf6 14. Qh3 c5 15. Kh1 Nd7 16. e4 Nxe5 17. dxe5 d4 (17... g6 $11) 18. Ne2 Qc7 {[%emt 0:06:13] [#]} 19. exf5 $1 exf5 20. Bc4+ Kh8 21. Nf4 Qc6 22. Be6 Qe8 23. Bd5 Bg5 24. Qg3 Bxf4 25. Qxf4 Be6 26. Bxe6 Qxe6 27. a4 Rad8 28. Rfe1 Rd5 29. Re2 h6 30. Rae1 Rfd8 31. Qd2 c4 32. h3 b5 33. b3 d3 34. Re3 dxc2 35. Qxc2 Rd2 36. Qb1 f4 37. R3e2 c3 38. Qc1 Qxb3 39. Kh2 b4 40. e6 Rxe2 ({Weaker is} 40... Qxa4 41. e7 Re8 42. Rxd2 cxd2 43. Qxd2 $11) (40... Qa2 $142 41. e7 Re8 42. Qxd2 cxd2) 41. Rxe2 Qc4 42. Re4 Qc5 43. e7 Re8 44. Qxf4 c2 45. Rc4 Qxe7 46. Rxc2 Qe5 47. Kg3 a5 48. Qxe5 Rxe5 49. Kf4 $11 Rg5 50. h4 Rg6 51. g4 Rb6 52. Ke5 Kg8 53. Kd5 Kf7 54. Kc5 Rb8 55. Rb2 Ke6 56. f4 h5 57. Re2+ Kf6 58. gxh5 Kf5 59. Rg2 b3 60. Rb2 Rb4 61. Kd6 Kxf4 62. Ke6 Ke4 63. Kf7 Rb7+ 64. Kg6 Kd4 65. Rxb3 Rxb3 66. Kxg7 Rh3 67. h6 Rxh4 68. h7 Kc4 0-1

[Event "6th Tulsi Lal Memorial NTCC 2080"]
[Site "Lalitpur"]
[Date "2024.01.08"]
[Round "1.2"]
[White "Bajracharya, Rajendra"]
[Black "Dahal, Sushrut"]
[Result "1/2-1/2"]
[ECO "B85"]
[WhiteElo "1795"]
[BlackElo "1895"]
[Annotator "NA RC COMBH"]
[PlyCount "76"]
[EventDate "2024.01.03"]
[EventType "team-tourn"]
[EventCountry "NEP"]
[SourceTitle "playchess.com"]
[Source "ChessBase"]
[SourceQuality "1"]
[TimeControl "5400+30"]

1. e4 c5 2. Nf3 e6 3. d4 cxd4 4. Nxd4 a6 5. Nc3 Qc7 6. Be2 Nf6 7. O-O Be7 8. Be3 O-O 9. a4 Nc6 10. Nb3 b6 11. f4 d6 12. Bf3 Bb7 13. Qe1 Nd7 14. Qf2 Nc5 15. e5 dxe5 16. Nxc5 bxc5 17. Bxc5 exf4 18. Bxc6 {[%emt 0:06:05] [#]} Bxc6 (18... Bxc5 $1 $19 {is more deadly.} 19. Qxc5 Rac8) 19. Bxe7 Qxe7 20. Qxf4 Rab8 21. Rfb1 Rb4 22. Qf2 Rg4 23. g3 Ba8 24. h3 Rg5 25. Rf1 Qb7 26. Kh2 Qxb2 27. Rab1 Qa3 28. Rb3 Qd6 29. Rb6 Qe7 30. Rxa6 (30. Rbb1 $142) 30... h5 31. Ra7 Qe8 32. Nb5 Rf5 33. Qe2 Rxf1 34. Qxf1 Qc6 35. Rc7 Qd5 36. c4 Qd2+ 37. Kg1 Qe3+ 38. Kh2 Qd2+ $11 (38... h4 {mates} 39. Qg2 Bxg2 40. Kxg2 Qe2+ {[%mdl 64] Deflection} 41. Kg1 hxg3 42. h4 Qh2+ 43. Kf1 Qf2#) 1/2-1/2

[Event "6th Tulsi Lal Memorial NTCC 2080"]
[Site "Lalitpur"]
[Date "2024.01.08"]
[Round "1.4"]
[White "Shrestha, Riya"]
[Black "Lohani, Sujana"]
[Result "0-1"]
[ECO "B50"]
[WhiteElo "1256"]
[BlackElo "1756"]
[Annotator "NA RC COMBH"]
[PlyCount "74"]
[EventDate "2024.01.03"]
[EventType "team-tourn"]
[EventCountry "NEP"]
[SourceTitle "playchess.com"]
[Source "ChessBase"]
[SourceQuality "1"]
[TimeControl "5400+30"]

1. e4 c5 2. Nf3 d6 3. d3 Nc6 4. Nc3 Nf6 5. Be2 g6 6. O-O Bg7 7. Be3 O-O 8. h3 b5 9. e5 Ne8 10. Nxb5 Rb8 11. d4 a6 12. Nc3 cxd4 13. Bxd4 Nxd4 14. Qxd4 Rxb2 15. Bd3 Nc7 16. Rab1 Rxb1 17. Rxb1 dxe5 18. Qa7 Nd5 19. Na4 Qa5 20. c4 Nb4 21. Nb2 Nxd3 22. Nxd3 e4 23. Nc5 exf3 24. Qxe7 Qxa2 25. Rd1 Qe2 26. Qd6 Qxc4 27. Qe7 Qe2 28. Qd6 Re8 29. Na4 Qe1+ 30. Rxe1 Rxe1+ 31. Kh2 Be5+ 32. Qxe5 Rxe5 33. gxf3 Bb7 34. Kg3 Rg5+ 35. Kf4 Rf5+ 36. Ke3 Rxf3+ 37. Ke2 Rxh3 0-1

[Event "6th Tulsi Lal Memorial NTCC 2080"]
[Site "Lalitpur"]
[Date "2024.01.08"]
[Round "1.5"]
[White "Rai, Dhiren"]
[Black "Bhandari, Kshitiz"]
[Result "0-1"]
[ECO "D30"]
[WhiteElo "1452"]
[BlackElo "2061"]
[Annotator "RC"]
[PlyCount "102"]
[EventDate "2024.01.03"]
[EventType "team-tourn"]
[EventCountry "NEP"]
[SourceTitle "playchess.com"]
[Source "ChessBase"]
[SourceQuality "1"]
[TimeControl "5400+30"]

1. d4 Nf6 2. e3 d5 3. c4 e6 4. Nf3 Be7 5. Bd3 dxc4 6. Bxc4 a6 7. O-O b5 8. Bd3 Bb7 9. Nbd2 Nbd7 10. b3 c5 11. Bb2 O-O 12. Qe2 Re8 13. Rac1 cxd4 14. Nxd4 Nc5 15. Bb1 Rc8 16. Rfd1 Qb6 17. a3 Red8 18. b4 Na4 19. Ba1 g6 20. N2b3 Ne4 21. Bxe4 Bxe4 22. Qg4 f5 23. Qe2 e5 24. Nf3 Qe6 25. Rxd8+ Rxd8 26. Nc5 Nxc5 27. bxc5 Bf6 28. Qb2 Qd5 29. Ne1 Qc6 30. f3 Bd5 31. Nd3 Bc4 32. Nxe5 Qxc5 33. Re1 f4 34. Qb4 Be7 35. Nxc4 Qxb4 36. axb4 bxc4 37. exf4 Bxb4 38. Rc1 Rc8 39. Bc3 Bxc3 40. Rxc3 Kf7 41. Kf2 Ke6 42. Ra3 c3 43. Rxa6+ Kd5 44. Ra1 c2 45. Rc1 Kd4 46. g4 Kd3 47. Kg3 Kd2 48. Rxc2+ Rxc2 49. f5 gxf5 50. gxf5 Ke3 51. Kg4 Rg2+ 0-1

[Event "6th Tulsi Lal Memorial NTCC 2080"]
[Site "Lalitpur"]
[Date "2024.01.08"]
[Round "1.6"]
[White "Khadka, Purna Raj"]
[Black "Maharjan, Sanubhai"]
[Result "0-1"]
[ECO "A50"]
[WhiteElo "1890"]
[BlackElo "1597"]
[Annotator "NA RC COMBH"]
[PlyCount "66"]
[EventDate "2024.01.03"]
[EventType "team-tourn"]
[EventCountry "NEP"]
[SourceTitle "playchess.com"]
[Source "ChessBase"]
[SourceQuality "1"]
[TimeControl "5400+30"]

1. e4 Nc6 2. d4 e5 3. d5 Nce7 4. c4 Nf6 5. Nc3 Ng6 6. Nf3 Bb4 7. Bd3 O-O 8. Bd2 d6 9. h3 b6 10. O-O Nh5 11. Ne2 Bxd2 12. Qxd2 Nhf4 13. Ng3 Bd7 14. Rfe1 Nxd3 15. Qxd3 Nf4 16. Qd2 Qc8 17. Re3 f5 18. exf5 Bxf5 19. Nxf5 Qxf5 20. Kh2 Rf6 21. Ng1 Rh6 22. Ne2 Rf8 23. Rf3 g5 24. Nxf4 (24. Rf1 {might be stronger.}) 24... gxf4 25. Ra3 {[%emt 0:05:00] [#]} a5 $1 26. f3 {[%emt 0:04:39] [#]} Rff6 (26... Kh8 $1 $17 27. Rc1 Rg8) 27. Rg1 Rfg6 28. Qf2 {[%emt 0:00:28] [#]} Rg3 $1 29. Qf1 Qc2 30. Kh1 Qxb2 $19 31. Qd3 Rhg6 32. Rb3 Qf2 33. Qf5 Rxg2 0-1

[Event "6th Tulsi Lal Memorial NTCC 2080"]
[Site "Lalitpur"]
[Date "2024.01.08"]
[Round "1.8"]
[White "Shah, Anup Jung"]
[Black "Dhimal, Shanti"]
[Result "0-1"]
[ECO "D06"]
[WhiteElo "1513"]
[BlackElo "1462"]
[Annotator "NA RC COMBH"]
[PlyCount "94"]
[EventDate "2024.01.03"]
[EventType "team-tourn"]
[EventCountry "NEP"]
[SourceTitle "playchess.com"]
[Source "ChessBase"]
[SourceQuality "1"]
[TimeControl "5400+30"]

1. d4 d5 2. c4 Nf6 3. Nc3 Bf5 4. Nf3 e6 5. Bg5 h6 6. Bh4 Be7 7. e3 c6 8. cxd5 cxd5 9. Bxf6 Bxf6 10. Bb5+ Nc6 11. O-O O-O 12. h3 Rc8 13. a3 Na5 14. Bd3 Bxd3 15. Qxd3 Qd7 16. Rac1 Nc4 17. Rc2 a6 18. e4 Rfd8 19. Rd1 b5 20. exd5 exd5 21. Ne5 Bxe5 22. dxe5 Nxe5 23. Qd4 Qf5 24. Re2 Nc6 25. Qd3 Qxd3 26. Rxd3 d4 27. Ne4 Ne5 28. Rd1 Nc4 29. b3 Nxa3 30. Red2 Nc2 31. Rc1 d3 32. f3 Nb4 33. Rxc8 Rxc8 34. Kf2 f5 35. Nd6 Rc5 36. Ke3 g6 37. g4 fxg4 38. fxg4 Rc3 39. Nb7 Rxb3 40. Nc5 Rc3 41. Rb2 a5 42. Nb7 Rc2 43. Rxc2 dxc2 44. Kd2 a4 45. Nc5 Kf7 46. h4 Kf6 47. Kc1 a3 0-1

[Event "6th Tulsi Lal Memorial NTCC 2080"]
[Site "Lalitpur"]
[Date "2024.01.09"]
[Round "2.1"]
[White "Nepal, Prakash Chandra"]
[Black "Subedi, Rajan"]
[Result "0-1"]
[ECO "E63"]
[WhiteElo "1900"]
[BlackElo "1809"]
[Annotator "TA"]
[PlyCount "67"]
[EventDate "2024.01.03"]
[EventType "team-tourn"]
[EventCountry "NEP"]
[SourceTitle "playchess.com"]
[Source "ChessBase"]
[SourceQuality "1"]
[TimeControl "5400+30"]

1. d4 Nf6 2. Nf3 g6 3. g3 Bg7 4. Bg2 d6 5. O-O O-O 6. c4 Nc6 7. Nc3 a6 8. h3 h6 9. e4 e5 10. Be3 Nd7 11. d5 {[%emt 0:09:21] E63: King's Indian: Fianchetto: Panno Variation with 7...a6.} Ne7 12. Qd2 Kh7 13. Ne1 {[%emt 0:01:09] White is slightly better.} f5 {[%emt 0:01:08] [#]} 14. f3 $146 ({Predecessor:} 14. Nd3 Nf6 15. f4 Nxe4 16. Nxe4 fxe4 17. Nf2 Nf5 18. Nxe4 Qe7 19. Rae1 Bd7 20. fxe5 Qxe5 {0-1 Satre,M (1755)-Haldorsen,B (2096) Sandnes Masfjorden op 2015 (5)}) 14... Nf6 (14... Nb6 $11) 15. Kh2 (15. Bf2 $14) 15... Nh5 (15... f4 $15 16. gxf4 exf4 17. Bxf4 Nfxd5 18. cxd5 (18. Nxd5 Nxd5 19. cxd5 Rxf4 $15) 18... Rxf4) 16. Ne2 {[%emt 0:03:03] [#]} (16. Bf2 $11) 16... Nxg3 $1 {[%emt 0:03:11][%mdl 64] Remove Defender, Decoy} 17. Nxg3 f4 18. Bf2 {[%emt 0:00:25] Strongly threatening Ne2.} fxg3+ 19. Bxg3 g5 20. Nd3 Ng6 21. c5 Bd7 22. a4 Nf4 23. Nxf4 (23. b3 $15) 23... gxf4 $17 ({Reject} 23... exf4 $6 24. Bf2 $15) 24. Bf2 Rg8 25. cxd6 cxd6 26. Qb4 {[%emt 0:00:30] [#]} Qe7 ({Black should play} 26... Bf6 $1 $17 {[%cal Rf6h4] White must now prevent ...Bh4.} 27. Qb6 (27. Qxb7 $2 {is the wrong capture.} Rb8 $19) 27... Qe7) 27. Rfc1 $2 {[%emt 0:00:30] Now White is beyond hope.} (27. Rac1 $11) 27... Bf6 $19 {aiming for ...Bh4.} 28. Bf1 $2 (28. Rc7 Rxg2+ {[%mdl 64] Remove Defender} 29. Kxg2 Bxh3+ {[%mdl 64] Discovered Attack} 30. Kxh3 Qxc7 31. Rg1) 28... Bh4 29. Qe1 Bg3+ 30. Bxg3 Rxg3 31. Rc7 Rag8 {[%emt 0:00:52][%cal Oe7g5] ( -> ...Qg5!)} ({Inferior is} 31... Rxf3 32. Ra3 Rxa3 33. bxa3 $17) 32. Rxb7 (32. Rac1 $19) 32... R8g7 (32... Qg5 $142 33. Rxd7+ Kh8 34. Rg7 Rxg7 35. Qf2 Rxf3 36. Qg2 Rxh3+ 37. Kg1 Rg3 38. Kf2 Rxg2+ 39. Ke1 Qg3+ 40. Kd1 Qf3+ 41. Ke1 Qf2+ {[%mdl 64] Deflection, Double Attack} 42. Kd1 Qxf1#) 33. Rc1 Qg5 34. Rxd7 {[%emt 0:07:33] Weighted Error Value: White=0.86/Black=0.38} 0-1

[Event "6th Tulsi Lal Memorial NTCC 2080"]
[Site "Lalitpur"]
[Date "2024.01.09"]
[Round "2.2"]
[White "Maharjan, Suroj"]
[Black "Ghimire, Sabin Chandra"]
[Result "1-0"]
[ECO "D11"]
[WhiteElo "1832"]
[BlackElo "1869"]
[Annotator "NA RC COMBH"]
[PlyCount "178"]
[EventDate "2024.01.03"]
[EventType "team-tourn"]
[EventCountry "NEP"]
[SourceTitle "playchess.com"]
[Source "ChessBase"]
[SourceQuality "1"]
[TimeControl "5400+30"]

1. c4 Nf6 2. Nf3 c6 3. g3 d5 4. Bg2 Bf5 5. O-O e6 6. d4 h6 7. Nc3 Be7 8. Qb3 Qb6 9. Qd1 Nbd7 10. h3 O-O 11. c5 Qa6 12. g4 Bh7 13. g5 hxg5 14. Bxg5 Rfe8 15. b4 Ne4 16. Bd2 b6 17. Nxe4 Bxe4 18. Bf4 bxc5 19. bxc5 Bf6 20. e3 e5 21. Bg3 Rab8 22. Nxe5 Bxe5 23. Bxe4 Bxg3 24. Bd3 Qa3 25. fxg3 Rxe3 26. Rf3 Rxf3 27. Qxf3 Qb2 $1 28. Rd1 Qxd4+ 29. Kh1 Qxc5 ({Don't blunder} 29... Ne5 $2 30. Bh7+ {[%mdl 64] Discovered Attack} Kf8 31. Rxd4 $19) 30. Qf5 Nf8 31. Qe5 Rb7 32. Re1 Qf2 33. Rf1 Qxa2 34. Qe8 Qd2 35. Bg6 f6 36. Re1 Qb4 (36... Rb8 $142 37. Bf7+ Kh7 38. Qxb8 Qxe1+ 39. Kg2 Ng6) 37. h4 Qd6 38. Bf5 g6 39. Bxg6 Qd7 40. h5 Qh3+ 41. Kg1 Qxg3+ 42. Kh1 Qh4+ 43. Kg1 Qg5+ 44. Kh1 Qh4+ $2 (44... a5 $19 45. Re2 f5 46. Bf7+ Kh7 47. Bg6+ Nxg6 48. hxg6+ Kg7 49. Qe5+ Qf6 50. Qxf6+ Kxf6) 45. Kg1 Qg3+ 46. Kh1 Qh3+ 47. Kg1 Qd7 48. Qxd7 Rxd7 49. Re8 Kg7 50. Bf5 Rd6 51. Ra8 c5 52. h6+ Kxh6 53. Rxf8 c4 54. Rg8 d4 55. Kf2 d3 56. Rg6+ Kh5 57. Rg1 c3 58. Ke3 d2 59. Bc2 Re6+ 60. Kf2 a5 61. Rg3 Re1 62. Rxc3 Rc1 63. Rh3+ Kg4 64. Rg3+ Kh4 65. Ra3 Rxc2 66. Ke2 Rc5 67. Kxd2 f5 68. Ke3 Kg4 69. Ra4+ Kg3 70. Ra3 Rb5 71. Kd4+ Kg4 72. Kc4 Re5 73. Kd4 Re4+ 74. Kd3 a4 75. Ra1 Rb4 76. Kc3 Rf4 77. Rg1+ Kf3 78. Rf1+ Ke3 79. Ra1 Re4 80. Re1+ Kf2 81. Ra1 f4 82. Kd3 Re3+ 83. Kd4 a3 84. Rh1 Re8 85. Rh2+ Kg3 86. Ra2 Ra8 87. Kd3 f3 88. Kd2 f2 89. Ra1 Kg2 1-0

[Event "6th Tulsi Lal Memorial NTCC 2080"]
[Site "Lalitpur"]
[Date "2024.01.09"]
[Round "2.3"]
[White "Dahal, Mission"]
[Black "Thapa, Rishon"]
[Result "0-1"]
[ECO "D37"]
[WhiteElo "1704"]
[BlackElo "1738"]
[Annotator "NA RC COMBH"]
[PlyCount "94"]
[EventDate "2024.01.03"]
[EventType "team-tourn"]
[EventCountry "NEP"]
[SourceTitle "playchess.com"]
[Source "ChessBase"]
[SourceQuality "1"]
[TimeControl "5400+30"]

1. d4 Nf6 2. c4 e6 3. Nf3 d5 4. Nc3 Be7 5. Bf4 O-O 6. e3 c5 7. dxc5 dxc4 8. Bxc4 Bxc5 9. O-O a6 10. a4 Qa5 11. Qb3 Nc6 12. Rfd1 Bb4 13. Bd6 Bxd6 14. Rxd6 Qc5 15. Rxc6 Qxc6 16. Rd1 b6 17. Bf1 Qc7 18. Ne2 Bb7 19. Rc1 Bd5 20. Qb4 Qb7 21. Nfd4 Rfc8 22. Rd1 Rc7 23. h3 h6 24. Qa3 Rac8 25. f3 Bc4 26. Nc3 Bxf1 27. Rxf1 Nd5 28. Nce2 Rc4 29. Kf2 Qe7 30. Qd3 Rxa4 31. e4 Nb4 32. Qb3 Ra5 33. Kg1 b5 34. Kh1 Rc4 35. Qd1 Ra2 36. b3 Rc7 37. Qb1 Rd2 38. Qe1 Rd3 39. Qb1 Rd7 40. Qa1 Qd8 41. Nxe6 fxe6 42. Qe5 Qf6 43. Qc5 Rd1 44. Rxd1 Rd6 45. Rd2 Rxd2 46. Kh2 Rd1 47. Qb6 Qf8 0-1

[Event "6th Tulsi Lal Memorial NTCC 2080"]
[Site "Lalitpur"]
[Date "2024.01.09"]
[Round "2.4"]
[White "Demanraura, Ayush"]
[Black "Adhikari, Kritisara"]
[Result "1-0"]
[ECO "E61"]
[WhiteElo "1410"]
[BlackElo "1527"]
[Annotator "NA RC COMBH"]
[PlyCount "69"]
[EventDate "2024.01.03"]
[EventType "team-tourn"]
[EventCountry "NEP"]
[SourceTitle "playchess.com"]
[Source "ChessBase"]
[SourceQuality "1"]
[TimeControl "5400+30"]

1. c4 d6 2. Nc3 Nf6 3. d4 g6 4. Nf3 Bg7 5. Bf4 O-O 6. e3 Nbd7 7. Bd3 Re8 8. Qc2 e5 9. Bg5 c6 10. O-O Qc7 11. Rfe1 Nf8 12. h3 N6d7 13. d5 f5 14. e4 f4 15. Qe2 h6 16. Bh4 g5 17. Bxg5 hxg5 18. Nxg5 Nf6 19. Rad1 c5 20. Bc2 Bh6 21. Nf3 Qg7 22. Kh2 Ng6 23. Rg1 Kh8 24. g3 fxg3+ 25. fxg3 Qd7 26. Qg2 Rg8 27. Ba4 Qh7 28. Qe2 Be3 29. h4 Bxg1+ 30. Rxg1 Qh5 31. Bd1 Bg4 32. Qe3 Bxf3 33. Bxf3 Ng4+ 34. Bxg4 Qxg4 35. Qh6# 1-0

[Event "6th Tulsi Lal Memorial NTCC 2080"]
[Site "Lalitpur"]
[Date "2024.01.09"]
[Round "2.5"]
[White "Lama, Milan"]
[Black "Shrestha, Janardan"]
[Result "1-0"]
[ECO "C68"]
[WhiteElo "2010"]
[BlackElo "1852"]
[Annotator "TA"]
[PlyCount "133"]
[EventDate "2024.01.03"]
[EventType "team-tourn"]
[EventCountry "NEP"]
[SourceTitle "playchess.com"]
[Source "ChessBase"]
[SourceQuality "1"]
[TimeControl "5400+30"]

1. e4 e5 2. Nf3 Nc6 3. Bb5 a6 4. Bxc6 dxc6 5. O-O Bg4 6. h3 Bh5 7. g4 Bg6 {[%emt 0:01:03] C68: Ruy Lopez: Exchange Variation, sidelines.} 8. Nxe5 Qf6 {[%emt 0:03:53] 8...Bd6 gains popularity.} (8... Qh4 $11) 9. f4 $1 $16 O-O-O {[%emt 0:01:01] White is better.} 10. Qe2 {[%emt 0:00:00] [#]} Bc5+ $146 ({Predecessor:} 10... Qh4 11. Kg2 Qe7 12. d3 f6 13. Nf3 h5 14. Be3 hxg4 15. hxg4 Qd7 16. f5 Bd6 {0-1 Al Hajiri,B (2112)-Hashem,K (1909) KUW-ch Kuwait 2015 (3)}) 11. Kg2 {[%emt 0:00:00] Strongly threatening c3.} Qe7 12. d3 f6 13. Nxg6 hxg6 14. Be3 Nh6 15. Nc3 Nf7 16. Bxc5 Qxc5 17. Qf2 Qb4 18. Rfb1 Kb8 19. a3 Qd6 20. Ne2 g5 21. Rh1 gxf4 22. Qxf4 Qc5 23. Rac1 Ne5 24. b4 Qe7 25. Qf5 (25. Qe3 $14) 25... c5 26. Rb1 cxb4 (26... c4 $5 27. d4 Nf7 $11) 27. axb4 (27. Rxb4 $11 a5 28. Rb5) 27... Rh4 $2 (27... g6 $15 {stays ahead.} 28. Qf2 f5) 28. Nf4 (28. b5 $16) 28... Rh6 29. Qe6 $36 {[%emt 0:01:18][%mdl 2048] White is in control.} Qf8 30. Qb3 {[%emt 0:02:52] Ne6 is the strong threat. White is more active.} Qd6 {[%emt 0:04:37] [#]} (30... Ng6 $16 {was called for.} 31. Rhf1 Nxf4+ 32. Rxf4 Qd6) 31. Qd5 $1 $18 Qf8 32. Qc5 Qf7 {[%emt 0:02:40] Repels Ne6} 33. b5 b6 34. bxa6 {[%emt 0:00:58][%cal Ob1b6] Threatens to win with Rxb6+!} Ka7 35. Qc3 {[%emt 0:00:38][%cal Of4e6] Ne6! would be deadly.} Qd7 {[%emt 0:00:34] Wards off Ne6} (35... Rd6 $16 36. Qb3 Qxb3 37. Rxb3 Nc6) 36. Nd5 Rc8 37. Ne3 Ng6 38. Nf5 ({Better is} 38. Qc4) 38... Nh4+ (38... Nf4+ $16 39. Kf3 Rxh3+ 40. Rxh3 (40. Kxf4 $2 g5#) 40... Nxh3) 39. Nxh4 Rxh4 40. Qd2 Rch8 41. Qe2 Qc6 42. c4 Rd8 43. Qf3 Rhh8 {[%emt 0:00:18] [#]} 44. c5 Qxc5 $14 {[%emt 0:04:24] aiming for ...Qc2+.} 45. Rhc1 {[%emt 0:00:25] Inhibits Qc2+.} Qe5 46. Rb3 ({White should play} 46. Rc6 $14) 46... c5 $11 47. Rcb1 {[%emt 0:00:31] White is weak on the dark squares} Rd6 48. Qg3 (48. d4 $11 cxd4 49. Rb5) 48... Rhd8 ({Black should try} 48... Qe7 $15) 49. Qxe5 $1 fxe5 {[%emt 0:00:05][%mdl 4096] Endgame KRR-KRR} 50. Rf1 (50. h4 $11) 50... Kxa6 (50... Rxd3 $17 51. Rxd3 Rxd3 52. Rf7+ Kxa6 53. Rxg7 c4) 51. Ra3+ $15 Kb7 (51... Kb5 $15 52. Rb1+ Kc6) 52. Rf7+ (52. h4 $1 $11) 52... Kc6 (52... R8d7 $17 53. Rxd7+ Rxd7) 53. Rxg7 $11 {[%emt 0:00:36][%cal Bf7g7,Bg7g8,Bg8c8][%mdl 32] Black must now prevent g5.} Rxd3 54. Rxd3 Rxd3 {[%emt 0:00:03] KR-KR} 55. Rg8 Rd6 56. h4 c4 $2 (56... Kd7 $11 {and Black has nothing to worry.}) 57. Rc8+ $18 Kb5 $2 (57... Kd7 58. Rxc4 Rd2+ 59. Kg3 Rd3+ 60. Kf2 b5) 58. h5 Rh6 59. Kg3 Kb4 60. Kh4 Rf6 61. g5 Rf1 62. h6 {[%emt 0:00:30] Hoping for g6.} c3 63. g6 {[%emt 0:00:21] White mates.} Kb3 64. g7 Rh1+ 65. Kg5 Rg1+ 66. Kf6 c2 67. h7 {[%emt 0:00:16] Weighted Error Value: White=0.24 (precise) /Black=0.39} (67. g8=R $2 {too greedy.} Rxg8 68. Rxg8 c1=Q $19) 1-0

[Event "6th Tulsi Lal Memorial NTCC 2080"]
[Site "Lalitpur"]
[Date "2024.01.09"]
[Round "2.6"]
[White "Shrestha, Kamal"]
[Black "Shrestha, Bibek"]
[Result "1-0"]
[ECO "B38"]
[WhiteElo "1821"]
[BlackElo "1812"]
[Annotator "NA RC COMBH"]
[PlyCount "73"]
[EventDate "2024.01.03"]
[EventType "team-tourn"]
[EventCountry "NEP"]
[SourceTitle "playchess.com"]
[Source "ChessBase"]
[SourceQuality "1"]
[TimeControl "5400+30"]

1. e4 c5 2. Nf3 g6 3. c4 Nc6 4. d4 cxd4 5. Nxd4 Bg7 6. Be3 Nf6 7. Nc3 O-O 8. Be2 d6 9. O-O Bd7 10. Nb3 a5 11. Nd2 Ne5 12. h3 Bc6 13. b3 Ned7 14. Rc1 Nc5 15. Qc2 b6 16. Rfd1 Qc7 17. Nd5 Nxd5 18. cxd5 Bd7 19. Nf3 Rfc8 20. Nd4 Qb7 21. Bg4 (21. Qb1 $5 ) 21... e6 22. Qb1 exd5 23. exd5 Bxg4 24. hxg4 Bxd4 25. Bxd4 Qd7 (25... Qe7 $142) 26. Ba1 Rf8 27. g5 Qf5 28. Qb2 f6 29. gxf6 Kf7 30. Re1 Ra7 31. Qd4 $18 Nd3 32. Qxb6 Rd7 33. Re7+ Rxe7 34. fxe7 Re8 35. Qd4 Rxe7 36. Qg7+ Ke8 37. Qg8+ 1-0

[Event "6th Tulsi Lal Memorial NTCC 2080"]
[Site "Lalitpur"]
[Date "2024.01.09"]
[Round "2.7"]
[White "Belbase, Kushal"]
[Black "Mukarung, Arya"]
[Result "1/2-1/2"]
[ECO "A16"]
[WhiteElo "1520"]
[BlackElo "1447"]
[Annotator "NA RC COMBH"]
[PlyCount "81"]
[EventDate "2024.01.03"]
[EventType "team-tourn"]
[EventCountry "NEP"]
[SourceTitle "playchess.com"]
[Source "ChessBase"]
[SourceQuality "1"]
[TimeControl "5400+30"]

1. c4 d6 2. Nc3 Nf6 3. g3 g6 4. Bg2 Bg7 5. e4 e5 6. h3 Nc6 7. Nge2 Be6 8. d3 h6 9. O-O Qd7 10. Kh2 Nh5 11. g4 Nf6 12. f4 exf4 13. Nxf4 O-O-O 14. Be3 Bxg4 15. Qa4 a6 16. Nfd5 Nxd5 17. cxd5 Ne5 18. d4 Qxa4 19. Nxa4 Nc4 20. Rxf7 Rd7 21. Rxd7 Bxd7 22. Bg1 Bg4 23. Be3 Bd7 24. Bg1 Bxa4 25. b3 Bb5 26. a4 Nd2 27. axb5 Nxb3 28. Ra3 Nxd4 29. bxa6 bxa6 30. Rxa6 Kb7 31. Ra4 Ne2 32. Rb4+ Kc8 33. Be3 Rf8 34. h4 Be5+ 35. Kh1 Ng3+ 36. Kg1 Ne2+ 37. Kh1 Ng3+ 38. Kg1 Ne2+ 39. Kh1 Ng3+ 40. Kg1 Ne2+ 41. Kh1 1/2-1/2

[Event "6th Tulsi Lal Memorial NTCC 2080"]
[Site "Lalitpur"]
[Date "2024.01.09"]
[Round "2.8"]
[White "Prasain, Punam"]
[Black "Shrestha, Riya"]
[Result "0-1"]
[ECO "C54"]
[WhiteElo "1292"]
[BlackElo "1256"]
[Annotator "NA RC COMBH"]
[PlyCount "84"]
[EventDate "2024.01.03"]
[EventType "team-tourn"]
[EventCountry "NEP"]
[SourceTitle "playchess.com"]
[Source "ChessBase"]
[SourceQuality "1"]
[TimeControl "5400+30"]

1. e4 e5 2. Nf3 Nc6 3. Bc4 Bc5 4. c3 Nf6 5. d4 exd4 6. cxd4 Bb4+ 7. Bd2 Bxd2+ 8. Nbxd2 d5 9. exd5 Nxd5 10. Qb3 Nce7 11. O-O O-O 12. Rfe1 c6 13. Re2 h6 14. Rae1 Qc7 15. Bxd5 Nxd5 16. Re8 Be6 17. Rxf8+ Rxf8 18. Qa3 Qb6 19. Nc4 Qb4 20. Qxb4 Nxb4 21. Nd6 Nxa2 22. Nxb7 Rb8 23. Nc5 Rxb2 24. h3 Kf8 25. Nxe6+ fxe6 26. Rxe6 Nb4 27. Ne5 Rc2 28. Nd7+ Kf7 29. Nc5 Rxc5 30. Rd6 Rd5 31. Rxd5 cxd5 32. f4 a5 33. g4 a4 34. h4 a3 35. g5 a2 36. gxh6 gxh6 37. f5 a1=Q+ 38. Kh2 Kf6 39. h5 Kxf5 40. Kg2 Kg4 41. Kh2 Qb2+ 42. Kh1 Kg3 0-1